 Dungeon Crawl Stone Soup version 0.30.1-1-g62c8e00024 (webtiles) character file.

Game seed: 12635111590163343167

315 Peloso the Slasher (level 6, -3/55 HPs)
             Began as a Minotaur Fighter on July 15, 2023.
             Slain by an orc wizard
             ... wielding a +0 dagger of electrocution
              (17 damage)
             ... on level 3 of the Dungeon.
             The game lasted 00:05:25 (2847 turns).

Peloso the Slasher (Minotaur Fighter)               Turns: 2847, Time: 00:05:25

Health: -3/55      AC:  7    Str: 21    XL:     6   Next: 19%
Magic:  5/5        EV:  9    Int:  5    God:
Gold:   200        SH:  5    Dex: 11    Spells: 5/5 levels left

rFire   + . .        a - +0 long sword
rCold   + . .        d - +0 buckler
rNeg    . . .        b - +0 scale mail
rPois   .            (helmet restricted)
rElec   .            g - scarf {rC+ rF+}
rCorr   .            (no gloves)
SInv    .            (no boots)
Will    .....        (no amulet) Stlth
                     (no ring)
HPRegen 0.29/turn    (no ring)
MPRegen 0.09/turn

%: no passive effects
@: no status effects
A: horns 2, retaliatory headbutt
a: no special abilities


You were on level 3 of the Dungeon.
You visited 1 branch of the dungeon, and saw 4 of its levels.

You collected 200 gold pieces.

Inventory:

Hand Weapons
 a - a +0 long sword (weapon)
 c - a +5 dagger
Armour
 b - a +0 scale mail (worn)
 d - a +0 buckler (worn)
 g - a scarf of resistance (worn)
Jewellery
 k - a +4 ring of protection
Scrolls
 i - a scroll of teleportation
 m - a scroll of poison {unknown}
 o - a scroll of summoning {unknown}
Potions
 e - a potion of might
 f - a potion of brilliance
 j - a potion of cancellation
 l - 2 potions of haste
 n - a potion of degeneration {unknown}
 p - a potion of curing {unknown}


   Skills:
 + Level 4.9 Fighting
 + Level 5.3 Long Blades
 + Level 5.1 Armour
 + Level 0.8 Dodging
 + Level 0.1 Stealth
 + Level 4.5 Shields


You had 5 spell levels left.
You didn't know any spells.
Your spell library contained the following spells:

 Spells                   Type           Power      Damage    Failure   Level
 Magic Dart               Conj           0%         1d3       86%         1
 Necrotise                Necr           0%         1d4       86%         1
 Call Imp                 Summ           0%         N/A       95%         2
 Searing Ray              Conj           0%         2d4       95%         2
 Mephitic Cloud           Conj/Pois/Air  0%         N/A       99%         3
 Vampiric Draining        Necr           0%         2d6       99%         3
 Fulminant Prism          Conj/Hex       0%         3d5       100%        4
 Summon Ice Beast         Ice/Summ       0%         N/A       100%        4
 Agony                    Necr           0%         N/A       100%        5
 Summon Mana Viper        Hex/Summ       0%         N/A       100%        5
 Monstrous Menagerie      Summ           0%         N/A       100%        7


Dungeon Overview and Level Annotations

Branches:
Dungeon (4/15)
 Temple: D:4-7

Altars:

Shops:
D:1 [

Annotations:
D:4 Dowan, Duvessa


Innate Abilities, Weirdness & Mutations

You have a pair of horns on your head.
You reflexively headbutt those who attack you in melee.


Message History

You see here a +0 club.
You barely miss the orc.
The orc is severely wounded.
The orc barely misses you. You furiously retaliate!
You headbutt the orc!
You kill the orc!
There is a stone staircase leading up here.
Something hits you but does no damage. Something hits you.
You are electrocuted!
Something hits you. The orc barely misses you. You furiously retaliate!
You headbutt the orc.
You climb upwards.
Reactivating autopickup.
There is a stone staircase leading down here.
Unknown command.
You hit the orc but do no damage. Your headbutt misses the orc.
The orc is heavily wounded.
Something hits you but does no damage.
Deactivating autopickup; reactivate with Ctrl-A.
The orc closely misses you. You furiously retaliate!
You headbutt the orc!
You kill the orc!
Things that are here:
a +0 dagger; a +0 ring mail; an orc corpse Something hits you but does no damage.
You hear some strange, mumbled words.
A puff of flame appears from out of thin air!
The puff of flame hits you but does no damage.
Things that are here:
a +0 dagger; a +0 ring mail; an orc corpse You closely miss something.
Your headbutt misses something.
You hear some strange, mumbled words.
A magic dart appears from out of thin air!
The magic dart hits you but does no damage.
Something hits you but does no damage.
You miss something. Something hits you.
You barely miss something. Your headbutt misses something.
Something hits you but does no damage.
You are electrocuted!
* * * LOW HITPOINT WARNING * * *
You hit something but do no damage. Something hits you but does no damage.
You are electrocuted!
You die...

#.....[##.# #<#.#####.# ....# #.#
#.#.# #.# #.#.# #.# ..#.#####.#
)#........# ##### ######
....#.....# ##...## #####.....
....#.##)## ##.@{..# #.....####
......##.# #.>....####.###.#
....####.# #...............#
....####.# #.#...#####.##..#
#.)......# ##.##### #.###.#
.....##### #..# #.....# ##..(#
#.## #########.#### #...# #.#
#.......#.....
##...########.######.......######


There were no monsters in sight!

Vanquished Creatures
  Grinder (D:3)
  A gnoll (D:1)
  2 adders (D:2)
  A worm (D:2)
  4 dart slugs
  13 orcs
  11 bats
  4 endoplasms
  4 giant cockroaches
  7 goblins
  4 hobgoblins
  4 quokkas
  7 ball pythons
  5 frilled lizards
  14 kobolds
  5 rats
87 creatures vanquished.

Notes
Turn   | Place    | Note
-------+----------+-------------------------------------------
     0 | D:1      | Peloso the Minotaur Fighter began the quest for the Orb.
     0 | D:1      | Reached XP level 1. HP: 19/19 MP: 0/0
   146 | D:1      | Found Pih Igec's Antique Armour Shop.
   187 | D:1      | Reached XP level 2. HP: 25/27 MP: 1/1
   467 | D:1      | Reached XP level 3. HP: 32/33 MP: 2/2
  1252 | D:2      | Reached XP level 4. HP: 41/41 MP: 3/3
  2098 | D:3      | Noticed Grinder
  2113 | D:3      | Killed Grinder
  2114 | D:3      | Reached skill level 5 in Long Blades
  2114 | D:3      | Reached XP level 5. HP: 25/47 MP: 4/4
  2114 | D:3      | Reached XP level 6. HP: 30/55 MP: 5/5
  2398 | D:3      | Reached skill level 5 in Armour
  2812 | D:4      | Noticed Dowan
  2814 | D:4      | Noticed Duvessa
  2847 | D:3      | Slain by an orc wizard

Illustrated notes

Levels and vault maps discovered:
D:1:      dpeg_arrival_subterranean_lakeside_camping, layout_loops_corners,
          serial_shops, nicolae_shop_trees
D:2:      layout_basic
D:3:      layout_loops_cross, uniq_grinder
D:4:      layout_cave_pools, serial_shops, nicolae_stop_n_shop_2,
          nicolae_hexahallways, uniq_ijyb, uniq_duvessa

Skill      XL: |  1  2  3  4  5  6 |
---------------+-------------------+-----
Fighting       | 4 |  4.9
Shields        | 4 |  4.5
Long Blades    | 3 5 |  5.3
Armour         | 4 5 |  5.1
Dodging        | |  0.8
Stealth        | |  0.1

Action                     |  1- 3 |  4- 6 || total
---------------------------+-------+-------++-------
  Melee: Long sword        |    92 |    95 ||   187
         Headbutt          |    11 |    14 ||    25
    Use: Potion            |     2 |       ||     2
         Scroll            |       |     6 ||     6
 Armour: Scale mail        |    43 |    45 ||    88
  Dodge: Dodged            |    46 |    41 ||    87
  Block: Buckler           |    28 |    22 ||    50
